 Dungeon Crawl Stone Soup version 0.31-a0-1178-gc5c9b8f871 (webtiles) character file.

Game seed: 7666686373198228661

3687 qw the Skirmisher (level 10, -11/64 HPs)
             Began as a Gargoyle Hunter on Dec 11, 2023.
             Was a Priest of Okawaru.
             Mangled by a harpy (13 damage)
             ... on level 9 of the Dungeon.
             The game lasted 00:02:48 (7312 turns).

qw the Skirmisher (Gargoyle Hunter)                 Turns: 7312, Time: 00:02:49

Health: -11/64     AC: 20    Str: 14    XL:     10   Next: 13%
Magic:  13/13      EV: 12    Int: 11    God:    Okawaru [***...]
Gold:   573        SH:  0    Dex: 17    Spells: 9/9 levels left

rFire   . . .        e - +2 longbow (chaos)
rCold   + . .        (shield currently unavailable)
rNeg    + . .        j - +0 acid dragon scales
rPois   inf          (no helmet)
rElec   +            (no cloak)
rCorr   +            (no gloves)
SInv    .            l - +1 pair of boots
Will    .....        g - amulet of the acrobat
Stlth   ++           k - +4 ring of protection
HPRegen 0.30/turn    q - ring of protection from cold
MPRegen 0.13/turn

%: acrobat
@: about to teleport
A: sickness immunity, AC +7, negative energy resistance 1, electricity
resistance, torment resistance 1, petrification resistance
a: Renounce Religion, Heroism


You were on level 9 of the Dungeon.
You worshipped Okawaru.
Okawaru was most pleased with you.
You visited 1 branch of the dungeon, and saw 9 of its levels.

You collected 573 gold pieces.


Innate Abilities, Weirdness & Mutations

You are immune to sickness and miasma.
Your stone body is resilient. (AC +7)
You are immune to poison.
You resist negative energy. (rN+)
You are resistant to electric shocks. (rElec)
You are resistant to unholy torment.
You are immune to petrification.


   Skills:
 - Level 8.2 Fighting
 + Level 11.4 Ranged Weapons
 - Level 3.0 Armour
 - Level 3.1 Dodging
 - Level 1.1 Stealth
 - Level 4.1 Invocations


You had 9 spell levels left.
You didn't know any spells.
Your spell library was empty.

Inventory:

Hand Weapons
 e - a +2 longbow of chaos (weapon)
Armour
 d - +0 steam dragon scales
 j - +0 acid dragon scales (worn)
 l - a +1 pair of boots (worn)
Jewellery
 g - an amulet of the acrobat (around neck)
 k - a +4 ring of protection (left hand)
 q - a ring of protection from cold (right hand)
 Y - a +6 ring of strength
Scrolls
 h - 3 scrolls of teleportation
Potions
 a - a potion of might
 b - a potion of mutation
 c - 2 potions of haste
 f - a potion of enlightenment
 n - a potion of magic

Dungeon Overview and Level Annotations

Branches:
Dungeon (9/15)             Temple (0/1) D:7
   Lair: D:8-11         Orc: D:9-12

Altars:
Dithmenos
Elyvilon
Hepliaklqana
Nemelex Xobeh
Okawaru
Qazlal
Ru
Sif Muna
Xom
Yredelemnul

Shops:
D:2 [


Message History

You shoot an arrow. The arrow hits the two-headed ogre!!
The two-headed ogre looks as sick as possible!
The two-headed ogre is moderately wounded.
The orc hits you but does no damage. Something hits you.
The two-headed ogre closely misses you. The two-headed ogre misses you.
You shoot an arrow. The arrow hits the two-headed ogre!
The two-headed ogre is severely wounded.
The orc barely misses you. Something hits you.
The two-headed ogre closely misses you.
The two-headed ogre hits you with a +0 great mace.
You shoot an arrow. The arrow hits the two-headed ogre.
The two-headed ogre is severely wounded.
The orc hits you but does no damage.
You hear some strange, mumbled words.
A puff of flame appears from out of thin air!
The puff of flame hits you!
You shoot an arrow. The arrow hits the two-headed ogre!
The two-headed ogre evaporates and reforms as a harpy!
The harpy is almost dead.
The harpy claws you! The harpy claws you but does no damage.
The orc misses you. Something hits you but does no damage.
7310 ||| READING 5 scrolls of teleportation.
As you read the scroll of teleportation, it crumbles to dust.
You feel strangely unstable. The harpy claws you!
The harpy completely misses you. The orc hits you but does no damage.
Something hits you but does no damage. The harpy misses you.
The harpy claws you but does no damage.
7311 ||| DRINKING brown potion.
It was a potion of cancellation.
You feel strangely stable.
You feel magically purged. The orc hits you but does no damage.
You hear some strange, mumbled words.
A magic dart appears from out of thin air!
The magic dart hits you but does no damage.
The harpy barely misses you. The harpy claws you but does no damage.
7312 ||| READING 4 scrolls of teleportation.
As you read the scroll of teleportation, it crumbles to dust.
You feel strangely unstable. The harpy claws you!
You die...

.. . .# # .##
# #. ...#
..#.#.# #...#
.!....H#o...#
#.@...#
#.{...#
....[..#
#.#?....#
#.#.....# .
####### . ..


You could see a harpy and an orc.

Vanquished Creatures
  A wyvern (D:8)
  A steam dragon (D:7)
  A vampire mosquito (D:6)
  An acid dragon (D:8)
  A water moccasin (D:6)
  2 ice beasts (D:5)
  2 sky beasts (D:7)
  A black bear (D:6)
  5 ogres
  2 centaurs (D:7)
  2 phantoms
  A bullfrog (D:7)
  2 gnoll sergeants
  4 scorpions
  5 wights (D:7)
  4 killer bees
  A howler monkey (D:7)
  A bullfrog zombie (D:5)
  7 hounds
  2 jellies (D:6)
  2 orc priests
  3 sleepcaps (D:6)
  A gnoll bouda (D:7)
  Jessica (D:3)
  2 iguanas
  4 orc wizards
  2 hound zombies (D:5)
  A howler monkey zombie (D:5)
  11 gnolls
  9 adders
  A white imp (D:7)
  An adder zombie (D:5)
  2 worms (D:2)
  2 dart slugs
  25 orcs
  9 endoplasms
  A giant cockroach (D:3)
  4 goblins
  6 hobgoblins
  A quokka (D:5)
  11 ball pythons
  5 bats
  3 frilled lizards
  4 kobolds
  5 rats
162 creatures vanquished.

Notes
Turn   | Place    | Note
-------+----------+-------------------------------------------
     0 | D:1      | qw the Gargoyle Hunter began the quest for the Orb.
     0 | D:1      | Reached XP level 1. HP: 12/12 MP: 1/1
     0 | D:1      | 0 ||| qw: Version: 0.3-a-106-g2cfff9e
     0 | D:1      | 0 ||| qw: Game counter: 2063
     0 | D:1      | 0 ||| qw: Melee chars always use a shield: true
     0 | D:1      | 0 ||| qw: God list: Okawaru
     0 | D:1      | 0 ||| qw: Allow faded altars: false
     0 | D:1      | 0 ||| qw: Do Orc after clearing Dungeon:15 true
     0 | D:1      | 0 ||| qw: Do second Lair branch before Depths: true
     0 | D:1      | 0 ||| qw: Lair rune preference: random
     0 | D:1      | 0 ||| qw: Goals: Normal, Save, Zot:1-4, Win
     0 | D:1      | 0 ||| PLANNING D:1-11
   192 | D:1      | Reached XP level 2. HP: 17/17 MP: 2/2
   973 | D:1      | 973 ||| UPGRADING to amulet of the acrobat.
   978 | D:1      | 978 ||| READING 2 scrolls labelled MOZXAY MAVOEMISY.
   978 | D:1      | 978 ||| IDENTIFYING blue potion
   979 | D:1      | 979 ||| READING scroll of identify.
   979 | D:1      | 979 ||| IDENTIFYING scroll labelled BAR VEKADA
   980 | D:1      | 980 ||| READING scroll of enchant weapon.
   980 | D:1      | 980 ||| ENCHANTING +0 shortbow.
   981 | D:1      | 981 ||| READING 2 scrolls labelled QISKAWAALI.
   985 | D:1      | 985 ||| READING scroll labelled CEFILI LIOMUA.
   995 | D:1      | 995 ||| DROPPING scroll of butterflies.
  1383 | D:2      | Found a faded altar of an unknown god.
  1400 | D:2      | Reached skill level 5 in Ranged Weapons
  1400 | D:2      | Reached XP level 3. HP: 19/21 MP: 3/3
  1496 | D:2      | Found Osey's Armour Shoppe.
  1501 | D:2      | 1501 ||| SHOPLISTING +0 robe of resistance (304 gold, have
                  | 149).
  1691 | D:2      | 1691 ||| UPGRADING to +0 ring mail.
  1701 | D:2      | 1701 ||| DROPPING +0 leather armour.
  1702 | D:2      | 1702 ||| UPGRADING to ring of positive energy.
  1703 | D:2      | 1703 ||| READING scroll labelled FEICA SAIZI.
  1703 | D:2      | 1703 ||| ENCHANTING +0 ring mail.
  1704 | D:2      | 1704 ||| READING scroll labelled AROODE ODOW.
  1705 | D:2      | 1705 ||| READING scroll labelled LUONYR ITUSK.
  1706 | D:2      | 1706 ||| READING scroll labelled WAIGUO LESARHUFU.
  1801 | D:3      | Noticed Jessica
  1807 | D:3      | Killed Jessica
  1808 | D:3      | Reached XP level 4. HP: 24/27 MP: 4/4
  1851 | D:3      | Found a sparkling altar of Nemelex Xobeh.
  2078 | D:3      | Reached skill level 3 in Fighting
  2280 | D:3      | 2280 ||| UPGRADING to +0 pair of boots.
  2285 | D:3      | 2285 ||| UPGRADING to +6 ring of strength.
  2286 | D:3      | 2286 ||| UPGRADING to +4 ring of protection.
  2288 | D:3      | 2288 ||| DROPPING ring of positive energy.
  2289 | D:3      | 2289 ||| READING scroll of identify.
  2289 | D:3      | 2289 ||| IDENTIFYING smoky blue potion
  2323 | D:4      | Noticed an ogre
  2330 | D:4      | Killed an ogre
  2331 | D:4      | Reached skill level 6 in Ranged Weapons
  2331 | D:4      | Reached XP level 5. HP: 19/32 MP: 5/5
  2520 | D:4      | Noticed an ogre
  2526 | D:4      | Killed an ogre
  2527 | D:4      | Reached XP level 6. HP: 38/38 MP: 6/6
  2740 | D:4      | Found a white marble altar of Elyvilon.
  3144 | D:4      | Found a sacrificial altar of Ru.
  3292 | D:4      | 3292 ||| READING scroll labelled SELEAKK JIHUIRPH.
  3320 | D:5      | Entered Level 5 of the Dungeon
  3374 | D:5      | Reached skill level 7 in Ranged Weapons
  3374 | D:5      | Reached XP level 7. HP: 41/43 MP: 7/7
  3385 | D:5      | Found a basalt altar of Yredelemnul.
  3481 | D:5      | Found a shadowy altar of Dithmenos.
  3573 | D:5      | Reached skill level 8 in Ranged Weapons
  3820 | D:5      | Reached XP level 8. HP: 36/49 MP: 8/8
  3864 | D:5      | 3864 ||| READING scroll of enchant armour.
  3864 | D:5      | 3864 ||| ENCHANTING +0 pair of boots.
  3914 | D:5      | Found a hazy altar of Hepliaklqana.
  3915 | D:5      | Found a shimmering altar of Xom.
  3916 | D:5      | Noticed a spectral ugly thing
  3956 | D:5      | Found an iron altar of Okawaru.
  3957 | D:5      | 3957 ||| PLANNING OKAWARU WORSHIP
  3957 | D:5      | 3957 ||| READING scroll of identify.
  3957 | D:5      | 3957 ||| IDENTIFYING bubbling black potion
  3958 | D:5      | 3958 ||| READING scroll labelled FOS OPAGGYMMORR.
  3958 | D:5      | Identified a scroll of acquirement
  3958 | D:5      | 3958 ||| 3958 ||| Offered +2 longbow of flaming
  3958 | D:5      | 3958 ||| 3958 ||| Offered ring of Poezosh {rC+ Will+ Int+3
                  | SInv}
  3958 | D:5      | 3958 ||| 3958 ||| Offered staff of cold
  3958 | D:5      | 3958 ||| 3958 ||| Offered 726 gold pieces
  3958 | D:5      | 3958 ||| ACQUIRING +2 longbow of flaming
  3958 | D:5      | Acquired a +2 longbow of flaming
  3960 | D:5      | 3960 ||| SWAPPING to +2 longbow of flaming.
  3961 | D:5      | 3961 ||| DROPPING +1 shortbow.
  3962 | D:5      | 3962 ||| DRINKING 2 metallic yellow potions.
  3963 | D:5      | 3963 ||| DRINKING 2 silvery potions.
  3964 | D:5      | 3964 ||| DROPPING potion of attraction.
  3973 | D:5      | Became a worshipper of Warmaster Okawaru
  3974 | D:5      | 3974 ||| PLANNING D:1-11
  4051 | D:5      | Found a shimmering blue altar of Sif Muna.
  4420 | D:6      | Reached skill level 9 in Ranged Weapons
  4499 | D:6      | 4499 ||| RETREEAATING.
  4500 | D:6      | 4500 ||| Stepping ~*~*~tactically~*~*~ (retreating).
  4501 | D:6      | 4501 ||| STILL RETREEAATING.
  4504 | D:6      | 4504 ||| Stepping ~*~*~tactically~*~*~ (retreating).
  4505 | D:6      | 4505 ||| Stepping ~*~*~tactically~*~*~ (retreating).
  4506 | D:6      | 4506 ||| Stepping ~*~*~tactically~*~*~ (retreating).
  4507 | D:6      | 4507 ||| Stepping ~*~*~tactically~*~*~ (retreating).
  4508 | D:6      | 4508 ||| Stepping ~*~*~tactically~*~*~ (retreating).
  4512 | D:6      | Reached skill level 6 in Fighting
  4543 | D:6      | 4543 ||| DRINKING potion of curing.
  4543 | D:6      | 4543 ||| (to cure confusion)
  4681 | D:6      | Reached * piety under Okawaru
  4684 | D:6      | Reached skill level 10 in Ranged Weapons
  4684 | D:6      | Reached skill level 1 in Invocations
  4794 | D:6      | Reached XP level 9. HP: 55/55 MP: 8/10
  5241 | D:6      | 5241 ||| FLEEEEING.
  5243 | D:6      | 5243 ||| FLEEEEING.
  5244 | D:6      | 5244 ||| FLEEEEING.
  5246 | D:6      | 5246 ||| FLEEEEING.
  5247 | D:6      | 5247 ||| FLEEEEING.
  5248 | D:6      | 5248 ||| FLEEEEING.
  5250 | D:6      | Reached skill level 3 in Dodging
  5250 | D:6      | Reached skill level 3 in Invocations
  5510 | D:6      | 5510 ||| UPGRADING to ring of protection from cold.
  5512 | D:6      | 5512 ||| READING scroll of identify.
  5512 | D:6      | 5512 ||| IDENTIFYING fizzy silvery potion
  5513 | D:6      | 5513 ||| READING scroll labelled SASETTO HATTAMN.
  5514 | D:6      | 5514 ||| READING scroll labelled WINNOK QUIR.
  5515 | D:6      | 5515 ||| DRINKING 2 metallic grey potions.
  5516 | D:6      | 5516 ||| DROPPING potion of berserk rage.
  5517 | D:6      | 5517 ||| DROPPING potion of degeneration.
  5518 | D:6      | 5518 ||| DROPPING wand of flame (7).
  6060 | D:7      | 6060 ||| Stepping ~*~*~tactically~*~*~ (cloud).
  6067 | D:7      | Reached ** piety under Okawaru
  6068 | D:7      | 6068 ||| FLEEEEING.
  6069 | D:7      | 6069 ||| FLEEEEING.
  6071 | D:7      | 6071 ||| FLEEEEING.
  6073 | D:7      | 6073 ||| FLEEEEING.
  6074 | D:7      | 6074 ||| FLEEEEING.
  6075 | D:7      | 6075 ||| FLEEEEING.
  6076 | D:7      | 6076 ||| FLEEEEING.
  6077 | D:7      | 6077 ||| FLEEEEING.
  6078 | D:7      | 6078 ||| FLEEEEING.
  6079 | D:7      | 6079 ||| FLEEEEING.
  6080 | D:7      | 6080 ||| FLEEEEING.
  6081 | D:7      | 6081 ||| FLEEEEING.
  6082 | D:7      | 6082 ||| FLEEEEING.
  6083 | D:7      | 6083 ||| FLEEEEING.
  6084 | D:7      | 6084 ||| FLEEEEING.
  6085 | D:7      | 6085 ||| FLEEEEING.
  6086 | D:7      | 6086 ||| FLEEEEING.
  6087 | D:7      | 6087 ||| FLEEEEING.
  6088 | D:7      | 6088 ||| FLEEEEING.
  6089 | D:7      | 6089 ||| FLEEEEING.
  6090 | D:7      | 6090 ||| FLEEEEING.
  6091 | D:7      | 6091 ||| FLEEEEING.
  6092 | D:7      | 6092 ||| FLEEEEING.
  6093 | D:7      | 6093 ||| FLEEEEING.
  6096 | D:7      | 6096 ||| STAIRDANCE
  6185 | D:7      | 6185 ||| RETREEAATING.
  6316 | D:7      | Reached skill level 11 in Ranged Weapons
  6353 | D:7      | 6353 ||| FLEEEEING.
  6354 | D:7      | 6354 ||| FLEEEEING.
  6355 | D:7      | 6355 ||| FLEEEEING.
  6359 | D:7      | Reached skill level 3 in Armour
  6375 | D:7      | Found a staircase to the Ecumenical Temple.
  6585 | D:7      | 6585 ||| UPGRADING to +0 steam dragon scales.
  6595 | D:7      | 6595 ||| DROPPING +1 ring mail.
  6600 | D:8      | 6600 ||| STAIRDANCE
  6605 | D:8      | 6605 ||| Stepping ~*~*~tactically~*~*~ (retreating).
  6708 | D:8      | Reached XP level 10. HP: 64/64 MP: 13/13
  6966 | D:8      | 6966 ||| RETREEAATING.
  6974 | D:8      | Reached *** piety under Okawaru
  7139 | D:8      | Found a stormy altar of Qazlal.
  7276 | D:8      | 7276 ||| UPGRADING to +0 acid dragon scales.
  7286 | D:8      | 7286 ||| READING 2 scrolls of identify.
  7286 | D:8      | 7286 ||| IDENTIFYING sapphire potion
  7287 | D:8      | 7287 ||| READING scroll of identify.
  7287 | D:8      | 7287 ||| IDENTIFYING fuming white potion
  7288 | D:8      | 7288 ||| READING 2 scrolls labelled VESKUTAOVE.
  7289 | D:8      | 7289 ||| READING scroll labelled JAXOOTT WACOUJI.
  7289 | D:8      | 7289 ||| BRANDING +2 longbow of flaming.
  7290 | D:8      | 7290 ||| DROPPING scroll of revelation.
  7295 | D:9      | Noticed a two-headed ogre
  7297 | D:9      | 7297 ||| STAIRDANCE
  7309 | D:9      | a two-headed ogre changed into a harpy
  7309 | D:9      | Noticed a harpy
  7309 | D:9      | HP: 14/64 [harpy (9)]
  7310 | D:9      | 7310 ||| READING 5 scrolls of teleportation.
  7310 | D:9      | HP: 1/64 [harpy (13)]
  7311 | D:9      | 7311 ||| DRINKING brown potion.
  7312 | D:9      | 7312 ||| READING 4 scrolls of teleportation.
  7312 | D:9      | Mangled by a harpy

Levels and vault maps discovered:
D:1:      saegor_arrival_fortress, layout_basic
D:2:      layout_loops_ring, chequers_ecumenical_altar_simple, serial_shops,
          nicolae_shop_getting_attention
D:3:      minmay_inner_zag, layout_basic, nemelex_diamond_rough_becter,
          kennysheep_generic_room_10, uniq_jessica
D:4:      layout_basic, nicolae_ru_path_of_blood, kennysheep_little_box,
          serial_bayou, serial_bayou_lake_a, serial_bayou_pond_a,
          serial_bayou_pond_c, serial_bayou_crossing
D:5:      layout_basic, nicolae_dithmenos_through_a_glass_darkly,
          nicolae_yredelemnul_corpse_copse, lemuel_blue_sif_altar,
          regret_index_temple_of_mockery, okawaru_gym_becter,
          minmay_fractal_squares_gapless_5
D:6:      layout_cave_pods, minmay_manual_macuahuitl
D:7:      minmay_general_purpose_star, layout_loops_cross,
          minmay_temple_entry_hall
D:8:      layout_rooms, overflow_temple_1_default
D:9:      layout_loops_cross, serial_shops, shop, uniq_psyche

Skill      XL: |  1  2  3  4  5  6  7  8  9 10 |
---------------+-------------------------------+-----
Ranged Weapons | 5 6 7 8 10 11 | 11.4
Armour         | 2 3 |  3.0
Fighting       | 3 4 5 6 7 8 |  8.2
Dodging        | 2 3 |  3.1
Invocations    | 1 4 |  4.1
Stealth        | |  1.1

Action                     |  1- 3 |  4- 6 |  7- 9 | 10-12 || total
---------------------------+-------+-------+-------+-------++-------
   Fire: Shortbow          |    86 |   147 |   135 |       ||   368
         Longbow           |       |       |   188 |    51 ||   239
    Use: Scroll            |     9 |     2 |     6 |     6 ||    23
         Potion            |       |       |     4 |     1 ||     5
 Armour: Leather armour    |    15 |       |       |       ||    15
         Ring mail         |    15 |    53 |   196 |       ||   264
         Steam dragon scal |       |       |    12 |    22 ||    34
         Acid dragon scale |       |       |       |    24 ||    24
  Dodge: Dodged            |    20 |    40 |   118 |    21 ||   199

Table legend:
 A = Non-vault XP
 B = Vault XP
 C = Vault XP percentage of total XP
 D = Non-vault monster count
 E = Vault monster count
 F = Vault count percentage of total count
                 A         B        C        D         E       F
            +---------+---------+-------+---------+---------+-------
      Total |    4322 |     946 |  18.0 |     139 |      23 |  14.2
            +---------+---------+-------+---------+---------+-------
        D:1 |      12 |       0 |   0.0 |       9 |       0 |   0.0
        D:2 |      41 |       0 |   0.0 |      15 |       0 |   0.0
        D:3 |      43 |      59 |  57.8 |      17 |       8 |  32.0
        D:4 |     384 |       0 |   0.0 |      16 |       0 |   0.0
        D:5 |     612 |     392 |  39.0 |      13 |       9 |  40.9
        D:6 |     946 |     287 |  23.3 |      21 |       3 |  12.5
        D:7 |    1456 |     208 |  12.5 |      27 |       3 |  10.0
        D:8 |     825 |       0 |   0.0 |      20 |       0 |   0.0
        D:9 |       3 |       0 |   0.0 |       1 |       0 |   0.0
            +---------+---------+-------+---------+---------+-------
